 Dungeon Crawl Stone Soup version 0.27.1-3-gb3d3a73c9e (webtiles) character file.

Game seed: 4106807146512010874

6363 Descartes the Tainter (level 10, -2/44 HPs)
             Began as a Spriggan Venom Mage on Oct 26, 2021.
             Was an Initiate of Gozag.
             Engulfed by a cloud of freezing vapour (26 damage)
             ... on level 9 of the Dungeon.
             The game lasted 00:41:18 (14767 turns).

Descartes the Tainter (Spriggan Venom Mage)        Turns: 14767, Time: 00:41:18

Health: -2/44      AC: 10    Str:  7    XL:     10   Next: 65%
Magic:  6/17       EV: 22    Int: 16    God:    Gozag
Gold:   898        SH:  9    Dex: 17    Spells: 3/17 levels left

rFire    + . .     SeeInvis +   k - +1 dagger (elec)
rCold    . . .     Faith    .   c - +2 buckler {rF+}
rNeg     . . .     Spirit   .   K - +0 steam dragon scales
rPois    .         Reflect  .   (helmet restricted)
rElec    .         Harm     .   B - +0 cloak
rCorr    .         Rampage  .   (gloves unavailable)
Will     +....                  (boots unavailable)
Stlth    ++++......             (no amulet)
HPRegen  0.14/turn              s - +4 ring of protection
MPRegen  0.15/turn              (no ring)

@: very quick
A: very small, no large weapons, unfitting armour, see invisible, speed 3
a: Renounce Religion, Potion Petition, Call Merchant, Bribe Branch


You were on level 9 of the Dungeon.
You worshipped Gozag.
Gozag was pleased with you.
You visited 2 branches of the dungeon, and saw 10 of its levels.

You collected 1192 gold pieces.
You spent 240 gold pieces at shops.
You paid 54 gold pieces to Gozag.

Inventory:

Hand Weapons
 k - a +1 dagger of electrocution (weapon)
 t - a +0 shortbow
 u - a +0 hunting sling
 v - the +9 hand axe "Ywniliakhlou" {protect, Int+2}
   (You took it off a hobgoblin on level 4 of the Dungeon)

   It grants its wielder temporary protection when it strikes (+7 to AC).
   Int:       It affects your intelligence (+2).
 J - a +0 short sword of holy wrath
Missiles
 f - 25 boomerangs
 h - 365 stones
 l - 8 atropa-tipped darts
 p - 197 arrows
 w - 37 poisoned darts
 z - 67 sling bullets
 M - 4 curare-tipped darts
Armour
 a - a +0 robe
 c - a +2 buckler of fire resistance (worn)
 B - a +0 cloak (worn)
 K - +0 steam dragon scales (worn)
Magical Staves
 x - a staff of air
 P - a staff of conjuration
Jewellery
 r - a ring of flight
 s - a +4 ring of protection (left hand)
 D - a ring of protection from fire
Wands
 j - a wand of acid (8)
 C - a wand of paralysis (9)
 G - a wand of flame (3)
 H - a wand of digging (8)
 O - a wand of iceblast (6)
Scrolls
 b - 2 scrolls of amnesia
 o - a scroll of fog
 y - 2 scrolls of teleportation {unknown}
 A - a scroll of identify
 E - 2 scrolls of acquirement {unknown}
 F - a scroll of noise {unknown}
 I - a scroll of immolation {unknown}
 L - a scroll of torment {unknown}
 Q - a scroll of vulnerability {unknown}
 S - a scroll of magic mapping {unknown}
Potions
 d - 2 potions of mutation
 e - 2 potions of resistance
 g - 3 potions of heal wounds {unknown}
 i - a potion of degeneration
 m - 4 potions of might
 n - 3 potions of brilliance
 q - a potion of berserk rage {unknown}
 N - a potion of lignification {unknown}
 R - a potion of curing
 T - a potion of flight {unknown}
 U - a potion of attraction {unknown}


   Skills:
 + Level 8.2 Dodging
 + Level 9.0 Stealth
 * Level 3.5 Shields
 - Level 4.0 Spellcasting
 + Level 2.5 Conjurations
 + Level 4.2 Hexes
 - Level 5.0 Transmutations
 + Level 4.0 Fire Magic
 + Level 3.0 Air Magic
 + Level 3.0 Earth Magic
 + Level 9.2 Poison Magic


You had 3 spell levels left.
You knew the following spells:

 Your Spells              Type           Power      Damage    Failure   Level
a - Sting                 Tmut/Pois      100%       1d8       1%          1
b - Olgreb's Toxic Radia  Pois           32%        N/A       4%          4
c - Foxfire               Conj/Fire      52%        2x1d6     5%          1
d - Dazzling Flash        Conj/Hex       28%        N/A       16%         3
e - Lee's Rapid Deconstr  Erth           6%         3d7*      86%         5

Your spell library contained the following spells:

 Spells                   Type           Power      Damage    Failure   Level
 Poisonous Vapours        Pois/Air       44%        N/A       2%          2
 Sandblast                Erth           24%        2d8       6%          1
 Passwall                 Tmut/Erth      13%        N/A       6%          2
 Magic Dart               Conj           44%        1d5       8%          1
 Mephitic Cloud           Conj/Pois/Air  18%        N/A       9%          3
 Static Discharge         Conj/Air       12%        N/A       11%         2
 Inner Flame              Hex/Fire       16%        N/A       12%         3
 Corpse Rot               Necr/Air       N/A        N/A       17%         2
 Conjure Flame            Conj/Fire      13%        6-21      17%         3
 Freeze                   Ice            12%        1d4       22%         1
 Portal Projectile        Hex/Tloc       18%        N/A       26%         3
 Call Imp                 Summ           3%         N/A       32%         2
 Call Canine Familiar     Summ           3%         N/A       54%         3
 Frozen Ramparts          Ice            6%         1d2       54%         3
 Leda's Liquefaction      Hex/Erth       7%         N/A       43%         4
 Hailstorm                Conj/Ice       7%         3d4       77%         4
 Iskenderun's Mystic Bla  Conj/Tloc      7%         2d4       77%         4
 Lightning Bolt           Conj/Air       6%         1d18      88%         5
 Freezing Cloud           Conj/Ice/Air   4%         6-21      95%         5
 Starburst                Conj/Fire      6%         6d4       100%        6
 Maxwell's Capacitive Co  Air            6%         ∞         100%        8


Dungeon Overview and Level Annotations

Branches:
Dungeon (9/15)             Temple (1/1) D:5
   Lair: D:8-11         Orc: D:9-12

Altars:
Ashenzari
Cheibriados
Dithmenos
Elyvilon
Fedhas
Gozag
Hepliaklqana
Kikubaaqudgha
Makhleb
Nemelex Xobeh
Okawaru
Qazlal
Ru
Sif Muna
Trog
Uskayaw
Vehumet
Wu Jian
Xom
Yredelemnul
Zin
The Shining One

Shops:
D:3 *   D:7 (

Annotations:
D:4 1, 2 runed translucent doors


Innate Abilities, Weirdness & Mutations

You are very small and have problems with some larger weapons.
You are too small for most types of armour.
You have supernaturally acute eyesight. (SInv)
You cover ground extremely quickly. (Speed+++)


Message History

Your Air Magic skill increases to level 3!
Your Earth Magic skill increases to level 3!
You now have 898 gold pieces (gained 15).
Things that are here:
a +0 giant club; a +0 dire flail of protection You see here a +0 dagger.
Really walk into a travel-excluded area?
There is an open door here.
Really walk into that cloud of freezing vapour? [Y]es or [N]o only, please.
Really walk into that cloud of freezing vapour? [Y]es or [N]o only, please.
Really walk into that cloud of freezing vapour? [Y]es or [N]o only, please.
Really walk into that cloud of freezing vapour? [Y]es or [N]o only, please.
Really walk into that cloud of freezing vapour? [Y]es or [N]o only, please.
Really walk into that cloud of freezing vapour? [Y]es or [N]o only, please.
Really walk into that cloud of freezing vapour? [Y]es or [N]o only, please.
Really walk into that cloud of freezing vapour? [Y]es or [N]o only, please.
Really walk into that cloud of freezing vapour? [Y]es or [N]o only, please.
Really walk into that cloud of freezing vapour? [Y]es or [N]o only, please.
Really walk into that cloud of freezing vapour? [Y]es or [N]o only, please.
Really walk into that cloud of freezing vapour? [Y]es or [N]o only, please.
Really walk into that cloud of freezing vapour?
Okay, then.
You are engulfed in freezing vapours.
Unknown command.
You are engulfed in freezing vapours.
Ouch! That really hurt!
You die...
Your body crumbles into a pile of gold.

#..<....# #.......#
#.......# #.......### ##
#.........## #.
#........>.## ##########.
#........#..#####.<........
###########################
##☼☼☼☼☼☼@☼☼☼☼☼☼☼[)??:##
#####☼####################
#...#.☼☼☼☼☼☼☼☼☼☼☼☼☼☼....##
#...##################'#####
#......######...^......####.
####.### #...............
#.# ##............... ###.#
##....#.....#..##. #...#
#.....##....#..###


There were no monsters in sight!

Vanquished Creatures
  2 two-headed ogres
  Maggie (D:7)
  Prince Ribbit (D:7)
  2 wyverns
  A vampire (D:5)
  2 yaks
  Eustachio (D:6)
  2 steam dragons
  Menkaure (D:5)
  A water moccasin (D:5)
  An acid dragon (D:6)
  2 orc warriors
  A hornet zombie (D:7)
  2 ogres
  2 necrophages
  6 centaurs
  5 kobold brigands
  2 bullfrogs
  A gnoll sergeant (D:7)
  2 scorpions (D:4)
  3 wights (D:9)
  3 killer bees (D:7)
  A water moccasin skeleton (D:5)
  2 howler monkeys (D:6)
  A centaur zombie (D:9)
  2 jellies
  A bullfrog zombie (D:5)
  2 hounds
  A gnoll shaman (D:5)
  An orc priest (D:5)
  Crazy Yiuf (D:7)
  2 centaur skeletons (D:7)
  A scorpion zombie (D:5)
  6 iguanas
  4 orc wizards
  A killer bee zombie (D:4)
  2 hound skeletons (D:4)
  2 howler monkey zombies
  15 gnolls
  9 adders
  2 howler monkey skeletons
  A shadow imp (D:7)
  A white imp (D:7)
  5 ufetubi
  A worm (D:3)
  17 orcs
  10 endoplasms
  3 giant cockroaches
  7 goblins
  7 hobgoblins
  5 jackals
  25 kobolds
  4 quokkas
  6 ball pythons
  3 bats (D:1)
  A frilled lizard (D:3)
  3 rats (D:1)
199 creatures vanquished.

Vanquished Creatures (others)
  422 foxfires
422 creatures vanquished.

Grand Total: 621 creatures vanquished

Notes
Turn   | Place    | Note
-------+----------+-------------------------------------------
     0 | D:1      | Descartes the Spriggan Venom Mage began the quest for the
                  | Orb.
     0 | D:1      | Reached XP level 1. HP: 9/9 MP: 5/5
    24 | D:1      | Reached XP level 2. HP: 13/13 MP: 3/6
   484 | D:1      | Reached XP level 3. HP: 16/16 MP: 1/8
  1491 | D:2      | Found a faded altar of an unknown god.
  1586 | D:2      | Reached XP level 4. HP: 21/21 MP: 7/10
  2272 | D:2      | Reached XP level 5. HP: 24/24 MP: 8/11
  2618 | D:3      | Found Zounoa's Assorted Antiques.
  3365 | D:4      | Identified the +5 spear of the Imperium {distort, Will+
                  | SInv}
  3927 | D:4      | Noticed an ogre
  3945 | D:4      | Killed an ogre
  3946 | D:4      | Reached skill level 5 in Transmutations
  3946 | D:4      | Reached skill level 5 in Poison Magic
  3946 | D:4      | Reached XP level 6. HP: 28/28 MP: 8/13
  4133 | D:4      | Found a large runed translucent door.
  4133 | D:4      | Found a large runed translucent door.
  4286 | D:4      | Noticed a steam dragon
  4843 | D:4      | Found a large runed translucent door.
  4843 | D:4      | Found a large runed translucent door.
  4847 | D:4      | Noticed a wyvern
  5082 | D:4      | Reached XP level 7. HP: 32/32 MP: 9/14
  5211 | D:4      | Noticed a yak
  5238 | D:4      | Killed a yak
  5337 | D:4      | Learned a level 4 spell: Olgreb's Toxic Radiance
  5386 | D:4      | Killed a steam dragon
  5656 | D:4      | Identified the +0 pair of boots of the Game Afoot {rElec
                  | rC+ Str+3}
  5810 | D:4      | Identified the +9 hand axe "Ywniliakhlou" {protect, Int+2}
  6052 | D:4      | Learned a level 1 spell: Foxfire
  6079 | D:4      | Killed a wyvern
  6080 | D:4      | Reached skill level 5 in Dodging
  6080 | D:4      | Reached XP level 8. HP: 28/36 MP: 6/15
  6277 | D:4      | Reached skill level 5 in Stealth
  6277 | D:4      | Reached skill level 1 in Fire Magic
  6434 | D:5      | Entered Level 5 of the Dungeon
  7121 | D:5      | Found a staircase to the Ecumenical Temple.
  7156 | Temple   | Entered the Ecumenical Temple
  7319 | Temple   | Became a worshipper of Gozag Ym Sagoz the Greedy
  7499 | D:5      | Noticed Menkaure
  7502 | D:5      | Killed Menkaure
  7524 | D:5      | Learned a level 3 spell: Dazzling Flash
  7777 | D:5      | Reached skill level 1 in Hexes
  8136 | D:5      | Learned a level 5 spell: Lee's Rapid Deconstruction
  8158 | D:5      | Reached XP level 9. HP: 39/39 MP: 7/16
  8347 | D:3      | Bought a glowing buckler for 240 gold pieces
  8848 | D:5      | Reached skill level 1 in Conjurations
  9437 | D:6      | Reached skill level 1 in Earth Magic
  9621 | D:6      | Reached skill level 1 in Shields
  9621 | D:6      | Reached skill level 1 in Air Magic
  9758 | D:6      | Noticed Eustachio
  9778 | D:6      | Killed Eustachio
 10455 | D:7      | Noticed Maggie
 10492 | D:7      | Killed Maggie
 10783 | D:7      | Found a runed translucent door.
 10784 | D:7      | Noticed Crazy Yiuf
 11044 | D:7      | Noticed Prince Ribbit
 11054 | D:7      | Killed Prince Ribbit
 11245 | D:7      | Found the +10 dark maul {vorpal}
 11657 | D:7      | Found Mailam's Weapon Emporium.
 11663 | D:7      | Reached XP level 10. HP: 44/44 MP: 12/17
 11914 | D:7      | Killed Crazy Yiuf
 12591 | D:8      | Found a shadowy altar of Dithmenos.
 12591 | D:8      | Found a glowing golden altar of the Shining One.
 12591 | D:8      | Found a sacrificial altar of Ru.
 12594 | D:8      | Found a white marble altar of Elyvilon.
 12595 | D:8      | Found a sparkling altar of Nemelex Xobeh.
 12596 | D:8      | Found an ancient bone altar of Kikubaaqudgha.
 12670 | D:8      | Noticed a two-headed ogre
 12710 | D:8      | Killed a two-headed ogre
 14321 | D:9      | Noticed a two-headed ogre
 14710 | D:9      | Killed a two-headed ogre
 14767 | D:9      | Engulfed by a cloud of freezing vapour

Illustrated notes

Levels and vault maps discovered:
D:1:      nicolae_arrival_washed_ashore, layout_basic
D:2:      layout_loops_ring, basic_ecumenical_altar, kennysheep_generic_room_14
D:3:      layout_loops_corners, serial_shops, shop
D:4:      layout_loops_corners, minmay_hollow_rounded_squares
D:5:      layout_basic, temple_green, kennysheep_generic_room_2, uniq_menkaure
D:6:      minmay_cornered_nines, layout_rooms, minivault_1,
          chequers_serial_rivers_micro_e, uniq_eustachio
D:7:      layout_loops_ring, serial_shops, nicolae_lakefront_shop,
          nicolae_zen_rock_garden, minivault_23, uniq_crazy_yiuf_cottage,
          uniq_maggie, uniq_prince_ribbit1
D:8:      layout_rooms, minitemple
D:9:      lemuel_ice_spiral_2, layout_rooms, kennysheep_generic_room_9
Temple:   eino_temple_scatter_basement

Skill      XL: |  1  2  3  4  5  6  7  8  9 10 |
---------------+-------------------------------+-----
Dodging        | 3 5 6 7 8 |  8.2
Spellcasting   | 3 4 |  4.0
Transmutations | 2 4 5 |  5.0
Poison Magic   | 4 5 6 7 8 9 |  9.2
Stealth        | 4 7 8 9 |  9.0
Fire Magic     | 2 3 4 |  4.0
Hexes          | 1 3 4 |  4.2
Conjurations   | 1 2 |  2.5
Earth Magic    | 2 3 |  3.0
Shields        | 2 3 |  3.5
Air Magic      | 2 3 |  3.0

Action                   |  1- 3 |  4- 6 |  7- 9 | 10-12 || total
-------------------------+-------+-------+-------+-------++-------
Melee: Unarmed           |     1 |       |       |       ||     1
       Dagger            |     2 |    26 |   117 |    27 ||   172
 Cast: Sting             |    63 |   105 |    48 |       ||   216
       Olgreb's Toxic Ra |       |       |    35 |    28 ||    63
       Foxfire           |       |       |   114 |   129 ||   243
Evoke: Wand              |       |       |     1 |     3 ||     4
  Use: Scroll            |       |       |     7 |       ||     7
 Stab: Sleeping          |     1 |       |     6 |       ||     7
Armor: Robe              |     1 |     9 |    24 |       ||    34
       Steam dragon scal |       |       |     7 |     5 ||    12
Dodge: Dodged            |    12 |    52 |   157 |    39 ||   260
Block: Buckler           |       |       |    42 |    34 ||    76
